[Event "Team 45 45 League T42"]
[Site "Internet Chess Club"]
[Date "2009.08.09"]
[Round "2"]
[White "jjaillet2007"]
[Black "ilknight"]
[Result "0-1"]
[WhiteElo "1257"]
[BlackElo "1435"]
[Opening "QGD Slav defense"]
[ECO "D10"]
[Time "10:01:02"]
[TimeControl "2700+45"]

1. d4 d5 2. c4 c6 3. Nc3 Nf6 4. cxd5 cxd5 5. Bf4 e6 6. e3 Bd6 7. Nf3 Bxf4 8.
exf4 Nc6 9. Bd3 Qb6 10. Qb3 Qxb3 11. axb3 Nb4 12. Bb1 O-O 13. O-O Bd7 14. Ne5
Rfd8 15. g4 Nc6 16. Nxd7 Nxd7 17. f5 Nxd4 18. fxe6 fxe6 19. f4 Nxb3 20. Ra3 Nd2
21. Rf2 Nxb1 22. Nxb1 Rdc8 23. Nc3 d4 24. Nb5 d3 25. Rxd3 Nf6 26. Nd6 Rd8 27.
Rfd2 Nxg4 28. Nxb7 Rxd3 29. Rxd3 Rf8 30. Rd8 Rxd8 31. Nxd8 e5 32. fxe5 Nxe5 33.
h4 Nf3+ 34. Kg2 Nxh4+ 35. Kh3 Nf5 36. b4 Nd6 37. Kg4 Kf8 38. Kf4 Nf7 39. Ne6+
Kg8 40. Ke4 h5 41. Kd5 h4 42. b5 h3 43. Kc6 h2 44. Kb7 h1=Q+ 45. Kxa7 Qa1+ 46.
Kb8 Qe5+ 47. Nc7 Nd8 48. b6 g5 49. Kc8 Nc6 50. b7 Qf5+ 51. Ne6 Qxe6+ 52. Kc7 g4
53. b8=Q+ Nxb8 54. Kxb8 g3 55. Kc7 g2 56. Kd8 g1=Q 57. Kc7 Qgb6# {White
checkmated} 0-1

[Event "Team 45 45 League T42"]
[Site "Internet Chess Club"]
[Date "2009.08.08"]
[Round "2"]
[White "dxf"]
[Black "cobbler"]
[Result "1-0"]
[WhiteElo "1212"]
[BlackElo "1240"]
[Opening "French defense"]
[ECO "C00"]
[Time "12:00:18"]
[TimeControl "2700+45"]

1. e4 e6 2. Nf3 d5 3. exd5 exd5 4. Bb5+ Bd7 5. Be2 Be7 6. O-O Nf6 7. Ne5 Be6 8.
Bg4 Nbd7 9. Bxe6 Nxe5 10. Bf5 g6 11. Bh3 Nh5 12. g3 Qd6 13. d4 Nd7 14. Re1 O-O-O
15. b3 Kb8 16. Ba3 Qf6 17. Bxe7 Qg7 18. Bxd8 Rxd8 19. Bxd7 Rxd7 20. Re8+ {Black
resigns} 1-0

[Event "Team 45 45 League T42"]
[Site "Internet Chess Club"]
[Date "2009.08.09"]
[Round "2"]
[White "Renagade"]
[Black "PsyMar"]
[Result "1-0"]
[WhiteElo "1157"]
[BlackElo "1090"]
[Opening "Giuoco Pianissimo: Italian four knights variation"]
[ECO "C55"]
[Time "19:00:08"]
[TimeControl "2700+45"]

1. e4 e5 2. Nf3 Nc6 3. Bc4 Nf6 4. d3 Bc5 5. Nc3 O-O 6. O-O a6 7. Bg5 h6 8. Bd2
d6 9. Qe2 Re8 10. Be3 Bxe3 11. fxe3 Bg4 12. Qf2 Be6 13. Nd5 Na5 14. Nxf6+ Qxf6
15. Bxe6 Rxe6 16. Qg3 c6 17. Nd4 exd4 18. Rxf6 Rxf6 19. exd4 c5 20. Rf1 Rxf1+
21. Kxf1 cxd4 22. Qxd6 b5 23. Qxd4 Nc6 24. Qd5 Nb4 25. Qxa8+ {Black resigns} 1-0

[Event "Team 45 45 League T42"]
[Site "Internet Chess Club"]
[Date "2009.08.05"]
[Round "2"]
[White "xlxe5"]
[Black "spanc"]
[Result "1-0"]
[WhiteElo "1353"]
[BlackElo "1400"]
[Opening "Queen's pawn game, Chigorin variation"]
[ECO "D02"]
[Time "14:00:09"]
[TimeControl "2700+45"]

1. d4 d5 2. Nf3 Nc6 3. e3 Bg4 4. c3 Nf6 5. Bd3 e5 6. h3 Bxf3 7. gxf3 e4 8. Be2
Bd6 9. Nd2 Qe7 10. Rg1 O-O-O 11. Qa4 Rhg8 12. fxe4 Nxe4 13. Nxe4 Qxe4 14. Bd2 f5
15. O-O-O f4 16. Bb5 fxe3 17. Bxe3 Bf4 18. Bxc6 Bxe3+ 19. fxe3 Qxe3+ 20. Kb1
bxc6 21. Qxc6 Kb8 22. Rde1 Qxh3 23. Qb5+ Kc8 24. Qa5 Kb8 25. Re7 Rd7 26. Qb5+
Kc8 27. Qa6+ Kd8 28. Re5 Re8 29. Qxa7 Rxe5 30. Qa8+ Ke7 31. Rxg7+ Kd6 32. dxe5+
Kxe5 33. Rg5+ Kf6 34. Rg1 Qd3+ 35. Ka1 Qe4 36. Rf1+ Ke5 37. Qc6 Rd6 38. Qxc7 Qc4
39. Re1+ Kf5 40. Qxd6 Kg4 41. Qe6+ Kg3 42. Qe3+ Kg4 43. Rg1+ Kf5 44. Qg5+ Ke6
45. Re1+ Kd6 46. Qe7+ Kc6 47. Re6+ Kb5 48. Qb7+ Ka4 49. b3+ Ka5 50. Qb6# {Black
checkmated} 1-0

[Event "Team 45 45 League T42"]
[Site "Internet Chess Club"]
[Date "2009.08.11"]
[Round "2"]
[White "JimGaming"]
[Black "kingsrook"]
[Result "1/2-1/2"]
[WhiteElo "1288"]
[BlackElo "1279"]
[Opening "Caro-Kann: exchange variation"]
[ECO "B13"]
[Time "14:05:58"]
[TimeControl "2700+45"]

1. e4 c6 2. d4 d5 3. exd5 cxd5 4. Bd3 Nc6 5. c3 Qc7 6. Ne2 Nf6 7. Bf4 e5 8. dxe5
Nxe5 9. Bc2 Bd6 10. Ba4+ Bd7 11. O-O O-O 12. Bxd7 Qxd7 13. Nd4 Rfe8 14. Bxe5
Bxe5 15. Nd2 Rac8 16. f3 b6 17. Re1 Qc7 18. Nf1 Qd7 19. Qd2 Re7 20. Re3 Rce8 21.
Rae1 Bf4 22. Qd3 Bxe3+ 23. Nxe3 Re5 24. Kf2 g6 25. Ndc2 Nh5 26. Qd4 f5 27. g3
Nf6 28. b3 b5 29. Qh4 Kg7 30. Nb4 Qd6 31. Qd4 Qb6 32. Qxb6 axb6 33. Nec2 Rxe1
34. Nxe1 Kh6 35. Ned3 g5 36. Nc6 Rc8 37. Ndb4 Rc7 38. Ke3 Kh5 39. Kd4 g4 40. f4
Kg6 41. Ne5+ Kg7 42. Nbc6 h5 43. Nd8 Re7 44. c4 bxc4 45. bxc4 dxc4 46. Kxc4 h4
47. a4 Kf8 48. Kb5 Nd5 49. Ng6+ Ke8 50. Nxe7 Nxe7 51. Nc6 Nc8 52. gxh4 Kf7 53.
Ne5+ Kg7 54. Kc6 Kh6 55. Nd7 Kh5 56. Nxb6 Ne7+ 57. Kd6 Ng6 58. Ke6 Nxf4+ 59.
Kxf5 Nd3 60. Nd5 Kxh4 61. Nf4 Nc5 62. a5 Nd7 63. a6 Nb6 64. a7 Na8 65. Ne2 Kh3
66. Kf4 Nb6 67. Ke3 Kxh2 68. Kf4 Kh3 69. Ng3 Na8 70. Nf5 Nb6 71. Ke3 g3 72. Nxg3
Kxg3 73. Kd4 Kf4 74. Kc5 Na8 75. Kc6 Ke5 76. Kb7 Kd6 77. Kc8 Kc6 78. Kb8 Nb6 79.
a8=Q+ Nxa8 {Game drawn because neither player has mating material} 1/2-1/2

[Event "Team 45 45 League T42"]
[Site "Internet Chess Club"]
[Date "2009.08.10"]
[Round "2"]
[White "WzeroMN"]
[Black "MeansToAnEnd"]
[Result "0-1"]
[WhiteElo "1204"]
[BlackElo "1124"]
[Opening "Ruy Lopez: old Steinitz defense"]
[ECO "C62"]
[Time "19:16:36"]
[TimeControl "2700+45"]

1. e4 e5 2. Nf3 Nc6 3. Bb5 d6 4. O-O Bd7 5. c3 Nge7 6. d3 Ng6 7. Bg5 Be7 8. Bxe7
Qxe7 9. Nbd2 a6 10. Bc4 b5 11. Bd5 Nf4 12. Qc2 O-O 13. Bb3 Qf6 14. Rfe1 Qg6 15.
g3 Nh3+ 16. Kf1 Na5 17. Ng1 Nxb3 18. Qxb3 Qf6 19. Nxh3 Bxh3+ 20. Kg1 Be6 21. Qd1
Qg6 22. Qf3 Bg4 23. Qg2 f5 24. exf5 Qxf5 25. Qd5+ Kh8 26. f4 exf4 27. Qxf5 Bxf5
28. gxf4 Bxd3 29. Re3 Bg6 30. Rae1 Rae8 31. Rxe8 Bxe8 32. Rf1 Bg6 33. Kg2 Bd3
34. Kf3 Bxf1 35. Nxf1 g5 {White resigns} 0-1

[Event "Team 45 45 League T42"]
[Site "Internet Chess Club"]
[Date "2009.08.10"]
[Round "2"]
[White "kidviper"]
[Black "Razorbackchess"]
[Result "1/2-1/2"]
[WhiteElo "1807"]
[BlackElo "1816"]
[Opening "King's Indian: London system"]
[ECO "A48"]
[Time "18:00:14"]
[TimeControl "2700+45"]

1. d4 Nf6 2. Nf3 g6 3. Bf4 Bg7 4. e3 d6 5. Bd3 O-O 6. O-O Nbd7 7. c3 Qe8 8. Be2
e5 9. Bg3 c6 10. Na3 Qe7 11. Nc4 Ne8 12. Bh4 f6 13. dxe5 dxe5 14. Ncd2 g5 15.
Bg3 Nb6 16. Nc4 Nxc4 17. Bxc4+ Be6 18. Qb3 Bxc4 19. Qxc4+ Kh8 20. Rfd1 Nc7 21.
Qb3 b5 22. Rd2 Rfd8 23. Rad1 Rxd2 24. Rxd2 Rd8 25. Qd1 Ne6 26. Rxd8+ Qxd8 27.
Qxd8+ Nxd8 28. Nd2 Ne6 29. Nb3 Bf8 30. Kf1 c5 31. Nd2 Kg7 32. Ke2 c4 33. Ne4 Nc5
34. Nxc5 Bxc5 35. a3 Kf7 36. f3 Ke6 {Game drawn by mutual agreement} 1/2-1/2

[Event "Team 45 45 League T42"]
[Site "Internet Chess Club"]
[Date "2009.08.08"]
[Round "2"]
[White "BubbaHo-tep"]
[Black "John3v16"]
[Result "0-1"]
[WhiteElo "1505"]
[BlackElo "1674"]
[Opening "Sicilian defense"]
[ECO "B44"]
[Time "22:00:05"]
[TimeControl "2700+45"]

1. e4 c5 2. Nf3 e6 3. d4 cxd4 4. Nxd4 Nc6 5. Nxc6 bxc6 6. Nc3 a6 7. e5 f6 8. f4
Qc7 9. Qd4 c5 10. Qe3 Bb7 11. Bd3 Bxg2 12. Rg1 Bb7 13. Bd2 f5 14. Be2 Ne7 15.
Qg3 O-O-O 16. Bf3 Bxf3 17. Qxf3 Qb7 18. Qd3 Nc6 19. Be3 d5 20. exd6 Nb4 21. Qe2
Bxd6 22. O-O-O Nd5 23. Nxd5 exd5 24. Qd3 d4 25. Qxf5+ Qd7 26. Qxd7+ Rxd7 27. Bd2
Rf8 28. Rg4 Rdf7 29. Rf1 g6 30. b3 Re8 31. Rg5 Re2 32. Rh1 Rf2 33. Rd5 Kc7 34.
Ba5+ Kc6 35. Rg5 Bxf4+ {White resigns} 0-1

[Event "Team 45 45 League T42"]
[Site "Internet Chess Club"]
[Date "2009.08.07"]
[Round "2"]
[White "kidcobra"]
[Black "kingphisch"]
[Result "0-1"]
[WhiteElo "1423"]
[BlackElo "1623"]
[Opening "Caro-Kann: two knights variation"]
[ECO "B10"]
[Time "13:00:14"]
[TimeControl "2700+45"]

1. e4 c6 2. Nf3 d5 3. Nc3 dxe4 4. Nxe4 Bf5 5. Ng3 Bg6 6. h4 h6 7. Ne5 Nf6 8.
Nxg6 fxg6 9. h5 Nbd7 10. Bd3 Ne5 11. Bxg6+ Nxg6 12. hxg6 Qc7 13. d4 O-O-O 14.
Be3 e5 15. c3 exd4 16. cxd4 Bb4+ 17. Bd2 Rhe8+ 18. Ne2 Rxd4 19. O-O Rxd2 20. Qb3
Rdxe2 21. Qxb4 R2e4 22. Qc5 Ng4 23. g3 Ne3 24. Rfe1 b6 25. Qc3 Nd5 26. Rxe4 Rxe4
27. Qf3 Nf6 28. Qd3 Qd7 29. Qa6+ Qb7 30. Qd3 Qe7 31. Qa6+ Kb8 32. Qf1 Nd5 33.
Kg2 Re2 34. Kg1 Qe4 35. Rc1 Kc7 36. Qd1 Ne7 37. Qf1 Nxg6 38. Qd1 Ne5 39. Kf1 Nd3
40. Qxd3 Qxd3 41. Kg2 Qd5+ 42. Kf1 Rxb2 43. Kg1 Qd2 44. Rf1 Qe2 45. a3 Qxf1+ 46.
Kxf1 Ra2 47. Kg2 Rxa3 48. f3 c5 49. f4 c4 50. Kh3 c3 51. Kg4 c2 52. Kh5 c1=Q 53.
Kg6 Qc3 54. g4 Qf6+ 55. Kh7 Qxf4 56. g5 Qxg5 57. Kh8 Re3 58. Kg8 Re8+ 59. Kh7
Qf5+ 60. Kxg7 Re7+ 61. Kg8 Qf7+ 62. Kh8 Qh7# {White checkmated} 0-1

[Event "Team 45 45 League T42"]
[Site "Internet Chess Club"]
[Date "2009.08.11"]
[Round "2"]
[White "twintower"]
[Black "xlxe5"]
[Result "0-1"]
[WhiteElo "1456"]
[BlackElo "1396"]
[Opening "French defense"]
[ECO "C00"]
[Time "17:00:10"]
[TimeControl "2700+45"]

1. e4 e6 2. g3 d5 3. Bg2 c5 4. exd5 exd5 5. f4 Nf6 6. Nf3 Nc6 7. c3 Bd6 8. d3
O-O 9. O-O Be6 10. Na3 Qb6 11. Kh1 Rfe8 12. b3 Rac8 13. Be3 d4 14. cxd4 cxd4 15.
Bg1 Bxa3 16. Rb1 Nd5 17. Ne5 Nc3 18. Qf3 Nxe5 19. Qxb7 Qxb7 20. Bxb7 Nxb1 21.
Rxb1 Nc6 22. Bxc6 Rxc6 23. Bxd4 Bd5+ 24. Kg1 Bc5 {White resigns} 0-1

[Event "Team 45 45 League T42"]
[Site "Internet Chess Club"]
[Date "2009.08.08"]
[Round "2"]
[White "Timotheous"]
[Black "Masterntraining"]
[Result "0-1"]
[WhiteElo "1674"]
[BlackElo "1755"]
[Opening "Sicilian: accelerated fianchetto, Maróczy bind"]
[ECO "B36"]
[Time "15:00:45"]
[TimeControl "2700+45"]

1. Nf3 c5 2. c4 Nc6 3. d4 cxd4 4. Nxd4 g6 5. e4 Nf6 6. Be2 Nxe4 7. O-O Bg7 8.
Nxc6 bxc6 9. Qc2 Nf6 10. Nc3 O-O 11. b3 d5 12. Bd3 Ne4 13. Bxe4 dxe4 14. Bb2 f5
15. c5 Ba6 16. Rad1 Bd3 17. Qc1 Qa5 18. Rfe1 Qxc5 19. Qa1 Bxc3 20. Bxc3 Rad8 21.
Rc1 Qd6 22. Bg7 Rf7 23. Be5 Qe6 24. Qc3 Rc8 25. Bf4 Qd5 26. Red1 a6 27. h3 c5
28. Qa5 e6 29. Be3 Rfc7 30. Bf4 Rc6 31. Qc3 c4 32. Bh6 e5 33. b4 Qd4 34. Rd2
Qxc3 35. Rxc3 Kf7 36. Be3 f4 37. Bc5 Rxc5 38. bxc5 Rxc5 39. Rd1 Ke6 40. Kh2 e3
41. fxe3 fxe3 42. Re1 e2 43. Kg3 Kd5 44. Kf2 Kd4 45. Rec1 Rb5 46. Ke1 Rb7 47.
Ra3 Rf7 48. Kd2 e4 {White resigns} 0-1

[Event "Team 45 45 League T42"]
[Site "Internet Chess Club"]
[Date "2009.08.06"]
[Round "2"]
[White "BrerRabbit"]
[Black "noblitz-oblige"]
[Result "0-1"]
[WhiteElo "1531"]
[BlackElo "1656"]
[Opening "English, 1...Nf6 (Anglo-Indian defense)"]
[ECO "A15"]
[Time "19:01:28"]
[TimeControl "2700+45"]

1. c4 Nf6 2. g3 g6 3. Bg2 Bg7 4. Nc3 Nc6 5. d3 d6 6. Bg5 O-O 7. Qd2 Re8 8. Bh6
Nd4 9. O-O-O Bxh6 10. Qxh6 Ng4 11. Qd2 Nxf2 12. Nf3 Nxf3 13. Bxf3 c6 14. Rdf1
Nxh1 15. Bxh1 Rb8 16. h4 Bg4 17. Ne4 d5 18. Nf2 Be6 19. c5 b6 20. d4 bxc5 21.
dxc5 Qc7 22. Qc3 Red8 23. Rg1 d4 24. Qd2 Qe5 25. Nd3 Qe3 26. Qxe3 dxe3 27. Bxc6
Bxa2 28. Rf1 Bc4 29. Ne5 Bxe2 30. Rxf7 Rd1+ 31. Kc2 Rd2+ 32. Kc3 Bb5 33. Rxe7
Bxc6 34. Nxc6 Rbxb2 35. Rxe3 Ra2 36. Re8+ Kg7 37. Re7+ Kh6 38. Rxa7 Rxa7 39.
Nxa7 Rd7 40. Nb5 Kh5 41. Nd6 Kg4 42. Ne4 Kf3 43. Nf6 Rf7 44. Nxh7 Rxh7 45. Kc4
Kxg3 46. Kb5 Kxh4 {White resigns} 0-1

[Event "Team 45 45 League T42"]
[Site "Internet Chess Club"]
[Date "2009.08.08"]
[Round "2"]
[White "SilverBlade"]
[Black "bmw2002"]
[Result "0-1"]
[WhiteElo "1639"]
[BlackElo "1658"]
[Opening "Caro-Kann: Panov-Botvinnik attack"]
[ECO "B13"]
[Time "18:07:10"]
[TimeControl "2700+45"]

1. e4 c6 2. d4 d5 3. exd5 cxd5 4. c4 Nf6 5. Nc3 Bf5 6. Nf3 e6 7. Bg5 Be7 8. h3
h6 9. Bh4 Nc6 10. a3 O-O 11. c5 b6 12. b4 a5 13. b5 Na7 14. c6 Ne4 15. Bxe7 Qxe7
16. Nxe4 Bxe4 17. Be2 Bxf3 18. gxf3 e5 19. Qd2 exd4 20. Qxd4 Rfe8 21. Qd2 Nxb5
22. Kf1 Nc7 23. Bd3 Qf6 24. Rc1 Qxf3 25. Rc3 Qxh1# {White checkmated} 0-1

[Event "Team 45 45 League T42"]
[Site "Internet Chess Club"]
[Date "2009.08.06"]
[Round "2"]
[White "zepled37"]
[Black "Mudfrog"]
[Result "1-0"]
[WhiteElo "1654"]
[BlackElo "1518"]
[Opening "Scotch game"]
[ECO "C45"]
[Time "18:03:06"]
[TimeControl "2700+45"]

1. e4 e5 2. Nf3 Nc6 3. d4 exd4 4. Nxd4 Bc5 5. Be3 Qf6 6. c3 d6 7. Be2 Qg6 8. Bf3
Ne5 9. Nd2 Nd3+ 10. Kf1 Ne5 11. Nb5 Bxe3 12. Nxc7+ Kd8 13. Nxa8 Bxd2 14. Qxd2
Bd7 15. Be2 Ne7 16. Rd1 Nc8 17. Qe3 Re8 18. c4 Nc6 19. Bf3 Bg4 20. c5 Bxf3 21.
gxf3 Re6 22. cxd6 Nxd6 23. Rg1 Qf6 24. Qg5 Qxg5 25. Rxg5 g6 26. Rgd5 Kd7 27. f4
f6 28. a3 Ne7 29. e5 fxe5 30. fxe5 Nxd5 31. Rxd5 Kc6 32. Rxd6+ Rxd6 33. exd6
Kxd6 34. Ke2 Kd7 35. Kd3 Kc8 36. Ke4 Kb8 37. Ke5 Kxa8 38. f4 Kb8 39. Kf6 Kc8 40.
Kg7 Kd8 41. Kxh7 Ke8 42. Kxg6 a6 43. f5 Kf8 44. f6 a5 45. f7 a4 46. h4 b5 47. h5
b4 48. h6 bxa3 49. bxa3 Ke7 50. h7 {Black resigns} 1-0

[Event "Team 45 45 League T42"]
[Site "Internet Chess Club"]
[Date "2009.08.09"]
[Round "2"]
[White "CoasterBrake"]
[Black "LeanSixSigma"]
[Result "0-1"]
[WhiteElo "1213"]
[BlackElo "1297"]
[Opening "English opening"]
[ECO "E20"]
[Time "10:00:27"]
[TimeControl "2700+45"]

1. c4 Nf6 2. Nc3 e6 3. d4 c6 4. Nf3 Bb4 5. e3 Ne4 6. Qc2 d5 7. Bd2 Nxd2 8. Qxd2
Nd7 9. a3 Qa5 10. Be2 Bxc3 11. Qxc3 Qxc3+ 12. bxc3 b6 13. cxd5 exd5 14. Bd3 f6
15. c4 Ba6 16. Nd2 O-O 17. O-O Kh8 18. Rfc1 dxc4 19. Bxc4 Bxc4 20. Nxc4 c5 21.
Rd1 b5 22. Nd6 a6 23. dxc5 Nxc5 24. Rac1 Nb3 25. Rc3 Na5 26. Ne4 Nc4 27. Nd2
Rad8 28. Rcc1 Rxd2 {White resigns} 0-1

[Event "Team 45 45 League T42"]
[Site "Internet Chess Club"]
[Date "2009.08.05"]
[Round "2"]
[White "jocooper"]
[Black "farbror"]
[Result "1-0"]
[WhiteElo "1160"]
[BlackElo "1241"]
[Opening "Colle system"]
[ECO "D05"]
[Time "23:00:31"]
[TimeControl "2700+45"]

1. d4 d5 2. Nf3 e6 3. e3 Nf6 4. Bd3 c5 5. c3 Nc6 6. O-O c4 7. Bc2 Bd6 8. Nbd2
O-O 9. Re1 b5 10. e4 dxe4 11. Nxe4 Bb7 12. Nxf6+ Qxf6 13. Bg5 Qxg5 14. Nxg5 h6
15. Nf3 Rad8 16. Qe2 Ne7 17. Rad1 Nd5 18. Qe4 g6 19. Qh4 Kg7 20. Qe4 Ba8 21. Ne5
Nxc3 22. Qe3 Nxd1 23. Rxd1 f5 24. a3 Kh7 25. Nf3 Be4 26. Bxe4 fxe4 27. Qxe4 Bc5
28. g3 e5 29. Qxe5 Rxf3 30. Qc7+ Kg8 31. Qxd8+ Bf8 32. Qd5+ Rf7 33. Re1 Kg7 34.
Qxb5 c3 35. Qe5+ Kg8 36. d5 Re7 37. Qxc3 Rxe1+ 38. Qxe1 Bg7 39. Qe7 Bf8 40. Qxa7
{Black resigns} 1-0

[Event "Team 45 45 League T42"]
[Site "Internet Chess Club"]
[Date "2009.08.07"]
[Round "2"]
[White "dornoch"]
[Black "Traho"]
[Result "0-1"]
[WhiteElo "1009"]
[BlackElo "1261"]
[Opening "Caro-Kann defense"]
[ECO "B10"]
[Time "21:01:28"]
[TimeControl "2700+45"]

1. e4 c6 2. Nf3 d5 3. exd5 cxd5 4. Bb5+ Nc6 5. d4 Qa5+ 6. Qd2 Qxb5 7. Nc3 Qa5 8.
O-O Qd8 9. Re1 e6 10. Ne5 Be7 11. Nxc6 bxc6 12. Qd3 Bf6 13. Bf4 Ne7 14. Ne2 Ng6
15. c3 Nxf4 16. Nxf4 Bg5 17. Ne2 f5 18. c4 Ba6 19. b3 O-O 20. g3 g6 21. Nf4 Bxf4
22. gxf4 Re8 23. Qc3 Rc8 24. Re3 c5 25. Qe1 Qd6 26. dxc5 Rxc5 27. cxd5 Rxd5 28.
Rc1 Bb7 29. f3 Bc6 30. Kf2 Rd2+ 31. Re2 Rxe2+ 32. Qxe2 Qd4+ 33. Qe3 Qxe3+ 34.
Kxe3 Rc8 35. Kd4 Bb7 36. Rxc8+ Bxc8 37. Kc5 Bb7 38. Kd6 Bxf3 39. Kxe6 Bd1 40. h4
Be2 41. b4 Bb5 42. Kd6 h5 43. Ke5 Kf7 44. a3 Ke7 45. Kd4 Kd6 46. Kc3 Kd5 47. Kb3
Bc4+ 48. Ka4 Ke4 49. b5 Kxf4 50. Ka5 Ke5 51. a4 Ke4 52. Ka6 f4 53. a5 f3 54.
Kxa7 Bxb5 55. Kb6 Bd3 56. a6 Bxa6 57. Kxa6 f2 {White resigns} 0-1

[Event "Team 45 45 League T42"]
[Site "Internet Chess Club"]
[Date "2009.08.08"]
[Round "2"]
[White "Toalla"]
[Black "KingOfHearts"]
[Result "0-1"]
[WhiteElo "1227"]
[BlackElo "1309"]
[Opening "Ruy Lopez: 5.O-O"]
[ECO "C78"]
[Time "20:00:46"]
[TimeControl "2700+45"]

1. e4 e5 2. Nf3 Nc6 3. Bb5 a6 4. Ba4 Nf6 5. O-O b5 6. Bb3 Bc5 7. c3 Nxe4 8. d4
Bb6 9. Re1 d5 10. Bc2 Bf5 11. Nbd2 O-O 12. Nxe4 dxe4 13. Bxe4 Bxe4 14. Rxe4 f5
15. Bg5 Qd6 16. Rh4 e4 17. Qb3+ Kh8 18. Bf4 Qf6 19. Ng5 h6 20. Rh5 Rae8 21. Re1
Na5 22. Qc2 Kg8 23. Nh3 g5 24. Be5 Qg6 25. Qe2 Nc4 26. g4 Nxe5 27. dxe5 Rxe5 28.
Kg2 f4 29. Qc2 Qe6 {White resigns} 0-1

[Event "Team 45 45 League T42"]
[Site "Internet Chess Club"]
[Date "2009.08.10"]
[Round "2"]
[White "kabubi"]
[Black "ffplayer"]
[Result "1-0"]
[WhiteElo "1203"]
[BlackElo "1135"]
[Opening "Sicilian defense"]
[ECO "B32"]
[Time "12:00:14"]
[TimeControl "2700+45"]

1. e4 c5 2. Nf3 Nc6 3. d4 cxd4 4. Nxd4 Nxd4 5. Qxd4 e6 6. Qd1 d5 7. exd5 exd5 8.
Bb5+ Bd7 9. Bxd7+ Qxd7 10. O-O Nf6 11. Re1+ Be7 12. Bg5 O-O 13. Qd4 b6 14. Qd3
Rfe8 15. Nd2 h6 16. Bh4 Nh7 17. Nf3 Bxh4 18. Nxh4 Nf6 19. Rad1 Rxe1+ 20. Rxe1
Qd8 21. Nf5 Kh8 22. Qg3 Qf8 23. f3 Nh5 24. Qh4 Nf6 25. Kh1 Ne8 26. g4 Kg8 27.
Ne7+ Kh7 28. g5 a5 29. Qg4 g6 30. h4 h5 31. Qd7 Ng7 32. Nxd5 Rd8 33. Nf6+ Kh8
34. Qe7 Ne6 35. Qb7 Rb8 36. Qa7 Qd8 37. Qxf7 Nf8 38. Kg2 Qd2+ 39. Kf1 Qd4 40.
Qg8# {Black checkmated} 1-0

[Event "Team 45 45 League T42"]
[Site "Internet Chess Club"]
[Date "2009.08.08"]
[Round "2"]
[White "Newcastler"]
[Black "rgadoury"]
[Result "0-1"]
[WhiteElo "1228"]
[BlackElo "1223"]
[Opening "QGD: Marshall defense"]
[ECO "D06"]
[Time "14:02:04"]
[TimeControl "2700+45"]

1. d4 d5 2. c4 Nf6 3. cxd5 Qxd5 4. Nc3 Qd8 5. Nf3 Bf5 6. e3 Nc6 7. Bd3 e6 8.
Bxf5 exf5 9. O-O Bd6 10. Re1 O-O 11. Qc2 g6 12. a3 a6 13. b4 Re8 14. e4 Nxe4 15.
Nxe4 fxe4 16. Ng5 Nxd4 17. Qc4 Ne6 18. Nxe4 Be5 19. Rb1 Bg7 20. Bb2 Bxb2 21.
Rxb2 Ng5 22. Rbb1 Nxe4 23. Rxe4 Rxe4 24. Qxe4 c6 25. h3 Qd7 26. Qf3 Rd8 27. a4
Qd3 28. Re1 Qxf3 29. gxf3 Kf8 30. Rc1 Ke7 31. b5 axb5 32. axb5 Rc8 33. b6 c5 34.
Kf1 Rc6 35. Ke1 Kd6 36. Rd1+ Ke6 37. Rc1 c4 38. Kd2 Kd5 39. Ke3 Kc5 40. Rd1 Re6+
41. Kf4 h6 42. Rd7 Rf6+ 43. Ke4 Kxb6 44. Kd4 Rxf3 45. Kxc4 Rxf2 46. Rd3 Kc6 47.
Rd5 Rf5 48. Rd8 Rf4+ 49. Kd3 Rf3+ 50. Kc4 Rxh3 51. Rc8+ Kb6 52. Kb4 Rf3 53. Rd8
Rf6 54. Kc4 g5 55. Kb4 g4 56. Rd5 Rf4+ 57. Kc3 Kc6 58. Rh5 Rf6 59. Kc4 g3 60.
Rc5+ Kb6 61. Rb5+ Kc7 62. Rc5+ Rc6 {White resigns} 0-1

[Event "Team 45 45 League T42"]
[Site "Internet Chess Club"]
[Date "2009.08.06"]
[Round "2"]
[White "chips"]
[Black "Graybeard"]
[Result "1/2-1/2"]
[WhiteElo "1203"]
[BlackElo "1103"]
[Opening "Réti: King's Indian attack (Barcza system)"]
[ECO "A07"]
[Time "22:00:43"]
[TimeControl "2700+45"]

1. Nf3 d5 2. g3 Nf6 3. Bg2 c6 4. d4 Be6 5. O-O g6 6. Nc3 Bg7 7. Bf4 Nbd7 8. Qc1
Ng4 9. h3 Ngf6 10. Bh6 Rg8 11. Bxg7 Rxg7 12. Qh6 Kf8 13. Ng5 Nb6 14. Nxe6+ fxe6
15. Qe3 Qd6 16. Qe5 Nc4 17. Qxd6 Nxd6 18. b3 Nde4 19. Nxe4 dxe4 20. e3 Rd8 21.
h4 h5 22. Bh3 Ng4 23. Bxg4 hxg4 24. c4 b6 25. Kg2 Rf7 26. Rh1 Rh7 27. Rh2 Kg7
28. Rah1 Rdh8 29. a4 a5 30. Rb1 Rb8 31. b4 Rhh8 32. b5 c5 33. dxc5 bxc5 34. b6
Kf7 35. Rb5 Rb7 36. Rxc5 Rxb6 37. Rxa5 Rc6 38. c5 Rh5 39. Rh1 Rhxc5 40. Rxc5
Rxc5 41. Ra1 Ra5 42. Kf1 e5 43. Ke1 Ke6 44. Kd2 Kd5 45. Ke2 Kc4 46. h5 gxh5 47.
Rh1 Rxa4 48. Rxh5 Ra2+ 49. Kf1 Kd5 50. Rg5 Ra1+ 51. Kg2 e6 52. Rxg4 Ra8 53. Rg7
Kd6 54. g4 Re8 55. g5 Re7 56. Rg8 Rf7 57. g6 Rf6 58. g7 Rg6+ 59. Kh3 Ke7 60. Kh4
Kf7 61. Ra8 Rxg7 62. Ra7+ Kf6 63. Rxg7 Kxg7 64. Kg3 Kg6 65. f3 Kf5 66. Kf2 exf3
67. Kxf3 e4+ 68. Ke2 e5 69. Kf2 Kg4 70. Kg2 Kh4 71. Kh2 {Game drawn by mutual
agreement} 1/2-1/2

[Event "Team 45 45 League T42"]
[Site "Internet Chess Club"]
[Date "2009.08.09"]
[Round "2"]
[White "xt"]
[Black "tourettes"]
[Result "1-0"]
[WhiteElo "1574"]
[BlackElo "1633"]
[Opening "Van't Kruijs opening"]
[ECO "A00"]
[Time "12:06:44"]
[TimeControl "2700+45"]

1. e3 d5 2. d4 e6 3. c4 c5 4. Nc3 Nf6 5. Bd3 Nc6 6. Nf3 Be7 7. O-O O-O 8. dxc5
Bxc5 9. cxd5 exd5 10. Bc2 Bg4 11. h3 Be6 12. Nd4 Nxd4 13. exd4 Bd6 14. Bg5 h6
15. Bh4 a6 16. Qd3 g6 17. Rfe1 Be7 18. Rxe6 Kg7 19. Rae1 {Black resigns} 1-0

[Event "Team 45 45 League T42"]
[Site "Internet Chess Club"]
[Date "2009.08.08"]
[Round "2"]
[White "MarkNY"]
[Black "Salvatore"]
[Result "0-1"]
[WhiteElo "1608"]
[BlackElo "1633"]
[Opening "Sicilian: Pelikan, Chelyabinsk variation"]
[ECO "B33"]
[Time "08:55:08"]
[TimeControl "2700+45"]

1. e4 c5 2. Nf3 Nc6 3. d4 cxd4 4. Nxd4 Nf6 5. Nc3 e5 6. Ndb5 d6 7. Bg5 a6 8. Na3
b5 9. Nd5 Be7 10. Bxf6 Bxf6 11. c3 Ne7 12. Nc2 Nxd5 13. Qxd5 Rb8 14. O-O-O O-O
15. Qxd6 Qxd6 16. Rxd6 Be6 17. Rxa6 Bg5+ 18. Ne3 b4 19. c4 b3 20. a3 Rfc8 21.
Ra4 Rd8 22. Be2 Rd4 23. Rd1 Rc8 24. h4 Bh6 25. g4 Bf4 26. Rb4 Rxe4 27. Rxb3 g6
28. Rc3 Rd4 29. b3 Rcd8 30. Kc2 h5 31. Ng2 Bh6 32. g5 Bf8 33. a4 Bb4 34. Rcd3
Bf5 35. Ne3 Bxd3+ 36. Rxd3 Be1 37. Ng2 Bxf2 38. Rxd4 Bxd4 39. b4 Kf8 40. c5 Ke7
41. Kb3 Bf2 42. Kc4 Rd2 43. Bd3 Kd7 44. Be4 Rd4+ 45. Kb5 Rxe4 46. c6+ Kc7 47. a5
Re2 48. a6 Rc2 49. Ka5 Rxc6 50. b5 Rc2 51. b6+ Kb8 52. a7+ Kb7 {White resigns}
0-1

[Event "Team 45 45 League T42"]
[Site "Internet Chess Club"]
[Date "2009.08.08"]
[Round "2"]
[White "Berke"]
[Black "john-beebs"]
[Result "1-0"]
[WhiteElo "1609"]
[BlackElo "1490"]
[Opening "Scotch game"]
[ECO "C45"]
[Time "16:00:07"]
[TimeControl "2700+45"]

1. e4 e5 2. Nf3 Nc6 3. d4 exd4 4. Nxd4 Bc5 5. Be3 Qf6 6. c3 Nge7 7. Bc4 O-O 8.
O-O Re8 9. Nb5 Qe5 10. Qf3 Rf8 11. Nd2 Bxe3 12. Qxe3 b6 13. f4 Nf5 14. Qd3 Qc5+
15. Kh1 Ne3 16. Rf3 Nxc4 17. Qxc4 Qxc4 18. Nxc4 Ba6 19. a4 Rfe8 20. e5 Bxb5 21.
axb5 Na5 22. Nxa5 bxa5 23. Rxa5 d6 24. b6 axb6 25. Rxa8 Rxa8 26. g3 d5 27. Kg2
Ra2 28. Rf2 c5 29. Kf3 Kf8 30. Rd2 d4 31. cxd4 cxd4 32. Ke4 Ra4 33. Rxd4 b5 34.
b3 Ra3 35. b4 Rb3 36. Kd5 Rb2 37. h4 Rg2 38. Kc5 Rxg3 39. Kxb5 Ke7 40. Kc5 Ke6
41. b5 Kf5 42. b6 Ke6 43. Kc6 Rc3+ 44. Kb7 Rb3 45. Rd6+ Ke7 46. Kc7 Rc3+ 47. Rc6
Ra3 48. b7 Ra7 49. Kc8 {Black resigns} 1-0